 Dungeon Crawl Stone Soup version 0.31-a0-204-g7da18cac08 (webtiles) character file.

Game seed: 4578283398070549422

58 qw the Shooter (level 3, -9/20 HPs)
             Began as a Deep Elf Hunter on June 27, 2023.
             Mangled by a worm (11 damage)
             ... on level 2 of the Dungeon.
             The game lasted 00:00:22 (797 turns).

qw the Shooter (Deep Elf Hunter)                     Turns: 797, Time: 00:00:22

Health: -9/20      AC:  3    Str: 10    XL:     3   Next: 75%
Magic:  5/5        EV: 12    Int: 13    God:
Gold:   107        SH:  0    Dex: 18    Spells: 2/2 levels left

rFire   . . .        Y - +0 shortbow
rCold   . . .        (shield currently unavailable)
rNeg    . . .        c - +0 leather armour
rPois   .            (no helmet)
rElec   .            (no cloak)
rCorr   .            (no gloves)
SInv    .            (no boots)
Will    .....        (no amulet)
Stlth   ++           (no ring)
HPRegen 0.23/turn    (no ring)
MPRegen 0.09/turn

%: no passive effects
@: about to teleport
A: no striking features
a: no special abilities


You were on level 2 of the Dungeon.
You visited 1 branch of the dungeon, and saw 2 of its levels.

You collected 107 gold pieces.


   Skills:
 - Level 1.5 Fighting
 + Level 7.2 Ranged Weapons
 - Level 2.4 Dodging
 - Level 1.2 Stealth


You had 2 spell levels left.
You didn't know any spells.
Your spell library was empty.

Inventory:

Hand Weapons
 Y - a +0 shortbow (weapon)
Armour
 c - a +0 leather armour (worn)
Potions
 a - a potion of might {unknown}
 d - a potion of haste
 g - a potion of magic {unknown}
 j - a potion of invisibility {unknown}

Dungeon Overview and Level Annotations

Branches:
Dungeon (2/15)

Altars:
Wu Jian


Message History

You shoot an arrow. The arrow barely misses the orc.
The arrow hits the hobgoblin but does no damage.
An adder comes into view.
You shoot an arrow. The arrow closely misses the orc.
The orc closely misses you. The adder bites you.
You shoot an arrow. The arrow hits the adder!
You kill the adder!
The orc misses you.
Your Ranged Weapons skill increases to level 7!
You shoot an arrow. The arrow hits the orc.
You kill the orc!
You shoot an arrow. The arrow hits the hobgoblin!
You kill the hobgoblin!
The adder bites you.
You shoot an arrow. The arrow closely misses the adder.
The adder closely misses you. The rat barely misses you.
You shoot an arrow. The arrow closely misses the adder.
The adder closely misses you. The adder bites you. The rat misses you.
You shoot an arrow. The arrow misses the adder.
The adder closely misses you. The rat bites you.
You shoot an arrow. The arrow closely misses the adder.
The adder misses you. The rat misses you.
You shoot an arrow. The arrow hits the adder.
The adder is heavily wounded.
The adder bites you. The rat misses you. The adder bites you.
You shoot an arrow. The arrow hits the adder!
You kill the adder!
The rat barely misses you.
You shoot an arrow. The arrow hits the worm.
The worm is moderately wounded.
The rat bites you but does no damage.
You shoot an arrow. The arrow hits the worm!
The worm is almost dead.
The rat bites you but does no damage. The worm bites you.
797 ||| READING scroll of teleportation.
As you read the scroll of teleportation, it crumbles to dust.
You feel strangely unstable. The rat barely misses you. The worm bites you!
Ouch! That really hurt!
You die...

#.#. ##### #)#. #...# .#... #...#
#.#.. #.^.# ......#...##
#...<.#....#### #.....r.......#
......w@..## ......
#.........#....###.#........
#.........#.................
##.........####.#####........
#####.................## .).....
#........##.#######.#..####......
....#.#..........................
............#######.##......####.
#...#.............#.####....# #.


You could see a worm and a rat.

Vanquished Creatures
  2 adders (D:2)
  A dart slug (D:1)
  An orc (D:2)
  4 giant cockroaches (D:1)
  6 goblins
  5 hobgoblins
  3 kobolds (D:1)
  3 quokkas
  2 ball pythons
  2 bats (D:1)
  5 rats
34 creatures vanquished.

Notes
Turn   | Place    | Note
-------+----------+-------------------------------------------
     0 | D:1      | qw the Deep Elf Hunter began the quest for the Orb.
     0 | D:1      | Reached XP level 1. HP: 12/12 MP: 3/3
     0 | D:1      | 0 ||| qw: Version: 0.3-a-22-g0ed2b0b
     0 | D:1      | 0 ||| qw: Game counter: 6568
     0 | D:1      | 0 ||| qw: Melee chars always use a shield: true
     0 | D:1      | 0 ||| qw: God list: Okawaru
     0 | D:1      | 0 ||| qw: Allow faded altars: false
     0 | D:1      | 0 ||| qw: Do Orc after clearing Dungeon:15 true
     0 | D:1      | 0 ||| qw: Do second Lair branch before Depths: true
     0 | D:1      | 0 ||| qw: Lair rune preference: random
     0 | D:1      | 0 ||| qw: Goals: Normal
     0 | D:1      | 0 ||| PLANNING D:1-11
   132 | D:1      | Reached XP level 2. HP: 16/16 MP: 4/4
   148 | D:1      | Reached skill level 6 in Ranged Weapons
   485 | D:1      | Reached XP level 3. HP: 20/20 MP: 5/5
   616 | D:1      | 616 ||| READING scroll labelled SIGEURPHA KUNK.
   617 | D:1      | 617 ||| READING 2 scrolls labelled UNETIB JARIH.
   622 | D:1      | 622 ||| READING 2 scrolls labelled ETEADI FYTURPHU.
   623 | D:1      | 623 ||| READING scroll labelled CEAZXUHESO.
   624 | D:1      | 624 ||| DRINKING 2 white potions.
   625 | D:1      | 625 ||| DROPPING scroll of butterflies.
   626 | D:1      | 626 ||| DROPPING scroll of revelation.
   666 | D:2      | Found an ornate altar of the Wu Jian Council.
   787 | D:2      | Reached skill level 7 in Ranged Weapons
   796 | D:2      | HP: 2/20 [worm (6)]
   797 | D:2      | 797 ||| READING scroll of teleportation.
   797 | D:2      | Mangled by a worm

Levels and vault maps discovered:
D:1:      psy_arrival_wood_between_worlds, layout_basic
D:2:      layout_rooms, basic_altar, nicolae_kite_square_tiling_tiny,
          minmay_small_reverse_x, uniq_terence

Skill      XL: |  1  2  3 |
---------------+----------+-----
Ranged Weapons | 6 7 |  7.2
Fighting       | |  1.5
Dodging        | |  2.4
Stealth        | |  1.2

Action                     || total
---------------------------++-------
   Fire: Shortbow          ||    71
    Use: Scroll            ||     5
         Potion            ||     1
 Armour: Leather armour    ||     2
  Dodge: Dodged            ||    13

Table legend:
 A = Non-vault XP
 B = Vault XP
 C = Vault XP percentage of total XP
 D = Non-vault monster count
 E = Vault monster count
 F = Vault count percentage of total count
                 A         B        C        D         E       F
            +---------+---------+-------+---------+---------+-------
      Total |      65 |      18 |  21.7 |      31 |       3 |   8.8
            +---------+---------+-------+---------+---------+-------
        D:1 |      42 |       0 |   0.0 |      24 |       0 |   0.0
        D:2 |      23 |      18 |  43.9 |       7 |       3 |  30.0
            +---------+---------+-------+---------+---------+-------
